[Event "Titled Tuesday Blitz April 26 Late 2022"]
[White "Federzoni, Enzo"]
[Black "Spata, German"]
[WhiteFideId "2173301"]
[BlackFideId "113026"]
[WhiteElo "1956"]
[BlackElo "2238"]
[Result "1-0"]
[Round "02"]
[TimeControl "180+1"]
[Date "2022.04.26"]
[WhiteClock "0:00:13"]
[BlackClock "0:00:05"]

1. d4 g6 2. Nc3 Bg7 3. e4 c5 4. dxc5 Qa5 5. Bd2 Qxc5 6. Nd5 Na6 7. Nf3 e6 8. Bc3 Bxc3+ 9. Nxc3 Ne7 10. h4 O-O 11. Be2 d5 12. exd5 Nxd5 13. Nxd5 exd5 14. h5 Bg4 15. hxg6 hxg6 16. Qd2 Rfe8 17. Qh6 Rxe2+ 18. Kxe2 Qc4+ 19. Kd2 Qb4+ 20. Kc1 Bh5 21. Ng5 Qf4+ 22. Kb1 Re8 23. Qh7+ Kf8 24. Qh8+ Ke7 25. Re1+ Kd6 26. Qxe8 Qxg5 27. Qxf7 Nc5 28. a3 Ne4 29. Qf8+ Kd7 30. Qf7+ Kd6 31. Ka2 Qd2 32. Rac1 Qd4 33. Qf8+ Kd7 34. Qf7+ Kd6 35. f3 Nd2 36. Re6+ Kc5 37. Qc7+ Kb5 38. Qxb7+ Ka5 39. Ra6# 1-0


[Site "https://www.chess.com"]

[Event "Titled Tuesday Blitz April 26 Late 2022"]
[White "Fernandez Siles, Luis"]
[Black "Li, Ben"]
[WhiteFideId "2209420"]
[BlackFideId "2089980"]
[WhiteElo "2212"]
[BlackElo "2267"]
[Result "0-1"]
[Round "02"]
[TimeControl "180+1"]
[Date "2022.04.26"]
[WhiteClock "0:00:28"]
[BlackClock "0:00:48"]

1. d4 d5 2. c4 e6 3. Nc3 Bb4 4. Nf3 Nf6 5. Bg5 Nbd7 6. Qc2 c5 7. a3 Qa5 8. Bxf6 Nxf6 9. Rc1 Bxc3+ 10. Qxc3 Qxc3+ 11. Rxc3 cxd4 12. Nxd4 Bd7 13. e3 O-O 14. Be2 Rac8 15. O-O dxc4 16. Bxc4 Rc7 17. Rfc1 Rfc8 18. Ne2 Ne4 19. R3c2 Bb5 20. b3 Nd6 21. Nd4 Bxc4 22. bxc4 Rxc4 23. Rxc4 Rxc4 24. Rxc4 Nxc4 25. a4 Kf8 26. Kf1 Ke7 27. Ke2 e5 28. Nb5 a6 29. Nc3 Ke6 30. Kd3 Nd6 31. e4 g6 32. Nd5 Nxe4 33. Nc7+ Kd7 34. Kxe4 Kxc7 35. Kxe5 b5 36. axb5 axb5 37. f4 Kc6 38. g4 Kc5 39. f5 b4 40. Kf6 b3 41. Kxf7 gxf5 42. gxf5 b2 43. f6 b1=Q 44. Kg8 Qg6+ 0-1


[Site "https://www.chess.com"]

[Event "Titled Tuesday Blitz April 26 Late 2022"]
[White "Ferreira, Vitor Hugo Vieira"]
[Black "Svane, Frederik"]
[WhiteFideId "2119765"]
[BlackFideId "12923044"]
[WhiteElo "2165"]
[BlackElo "2459"]
[Result "0-1"]
[Round "02"]
[TimeControl "180+1"]
[Date "2022.04.26"]
[WhiteClock "0:00:09"]
[BlackClock "0:00:14"]

1. d4 Nf6 2. c4 e6 3. Nf3 d5 4. Nc3 dxc4 5. e3 a6 6. Bxc4 b5 7. Bb3 Bb7 8. O-O c5 9. Qe2 cxd4 10. exd4 Be7 11. Rd1 O-O 12. Bg5 h6 13. Bh4 Nbd7 14. Ne5 Nb6 15. Nxf7 Rxf7 16. Bxe6 Nbd5 17. Bg3 Nxc3 18. bxc3 Bd5 19. Bxf7+ Bxf7 20. a4 Bc4 21. Qf3 Bd5 22. Qe2 Bc4 23. Qf3 bxa4 24. d5 Bd6 25. Rd4 Bb3 26. c4 Rc8 27. Qf5 Bxg3 28. hxg3 Rxc4 29. Rxc4 Bxc4 30. Rxa4 Bb5 31. Rd4 Qd6 32. Qc8+ Kh7 33. Qf5+ Kg8 34. Qc8+ Kf7 35. g4 Bd7 36. Qc4 a5 37. g3 a4 38. Qc1 Nxg4 39. Rf4+ Nf6 40. Rf3 Qxd5 41. Ra3 Kg6 42. Qc2+ Qf5 43. Qxf5+ Kxf5 44. f3 Nd5 45. Kf2 Nb6 46. g4+ Ke6 47. Ke3 Nc4+ 48. Kd4 Nxa3 49. Kc5 Nc2 0-1


[Site "https://www.chess.com"]

[Event "Titled Tuesday Blitz April 26 Late 2022"]
[White "Fier, Alexandr"]
[Black "Deac, Bogdan-Daniel"]
[WhiteFideId "2107139"]
[BlackFideId "1226380"]
[WhiteElo "2571"]
[BlackElo "2648"]
[Result "0-1"]
[Round "02"]
[TimeControl "180+1"]
[Date "2022.04.26"]
[WhiteClock "0:00:48"]
[BlackClock "0:00:17"]

1. d4 Nf6 2. Bg5 d5 3. Bxf6 gxf6 4. c4 dxc4 5. e3 Be6 6. Ne2 Bh6 7. Nbc3 c6 8. Ng3 Qa5 9. Be2 f5 10. O-O Nd7 11. Rc1 f4 12. exf4 Bxf4 13. Rc2 Nf6 14. Nge4 O-O-O 15. Nxf6 exf6 16. Ne4 Bf5 17. Bf3 Qd5 18. Re2 Qxd4 19. Qa4 Rhe8 20. Rfe1 Kb8 21. g3 Bc7 22. Bg2 Bb6 23. Qc2 Bg4 24. Re3 Qe5 25. Nxf6 Bxe3 26. Nxg4 Bxf2+ 0-1


[Site "https://www.chess.com"]

[Event "Titled Tuesday Blitz April 26 Late 2022"]
[White "Fiorito, Fabian"]
[Black "Hernandez Bermudez, Ulises Eduardo"]
[WhiteFideId "100200"]
[BlackFideId "3902510"]
[WhiteElo "2395"]
[BlackElo "2056"]
[Result "1-0"]
[Round "02"]
[TimeControl "180+1"]
[Date "2022.04.26"]
[WhiteClock "0:00:11"]
[BlackClock "0:00:07"]

1. e4 c5 2. Nf3 d6 3. d4 cxd4 4. Nxd4 Nf6 5. Nc3 a6 6. Be2 e5 7. Nb3 Be7 8. Be3 O-O 9. g4 Be6 10. g5 Nfd7 11. Qd2 Nc6 12. h4 b5 13. Nd5 Bxd5 14. exd5 Ncb8 15. h5 Nb6 16. Na5 Qc7 17. O-O-O Rc8 18. Kb1 N8d7 19. Bf3 Nc4 20. Nxc4 bxc4 21. c3 Rab8 22. g6 Nc5 23. gxf7+ Kh8 24. Bxc5 Qxc5 25. Rhg1 Rf8 26. Be4 Rxf7 27. f3 Bf6 28. Rg2 Rfb7 29. h6 g6 30. Ka1 Qb5 31. Rf1 Qa4 32. f4 exf4 33. Qxf4 Be7 34. Qf7 Bg5 35. Qe6 Bxh6 36. Qxd6 Bg7 37. Bxg6 Rxb2 38. Rxb2 Rxb2 39. Kxb2 Qb5+ 40. Kc1 Qa4 41. Qd8+ 1-0


[Site "https://www.chess.com"]

[Event "Titled Tuesday Blitz April 26 Late 2022"]
[White "Girsh, Daniel"]
[Black "Adewumi, Tanitoluwa"]
[WhiteFideId "30949190"]
[BlackFideId "30966396"]
[WhiteElo "2339"]
[BlackElo "2560"]
[Result "1-0"]
[Round "02"]
[TimeControl "180+1"]
[Date "2022.04.26"]
[WhiteClock "0:00:09"]
[BlackClock "0:00:03"]

1. e4 c5 2. Nf3 Nc6 3. Bb5 g6 4. Bxc6 bxc6 5. d3 Bg7 6. O-O d6 7. h3 Nf6 8. Nc3 e5 9. Bg5 h6 10. Be3 Be6 11. Qd2 g5 12. a3 Nh5 13. b4 cxb4 14. axb4 Nf4 15. d4 Qc8 16. Bxf4 gxf4 17. Kh2 O-O 18. Ra5 Qc7 19. Rg1 f5 20. d5 cxd5 21. Nxd5 Qf7 22. Qd3 fxe4 23. Qxe4 Rae8 24. Rga1 Bf5 25. Qc4 e4 26. Rxa7 Qg6 27. Nh4 Qg5 28. Nxf5 Rxf5 29. Ne7+ Kh7 30. Nxf5 Qxf5 31. Rxg7+ Kxg7 32. Ra7+ Kg6 33. Qc7 Qe6 34. Qh7+ Kf6 35. Qg7+ Kf5 36. Rf7+ Qf6 37. Qxf6# 1-0


[Site "https://www.chess.com"]

[Event "Titled Tuesday Blitz April 26 Late 2022"]
[White "Gledura, Benjamin"]
[Black "Zhurbinsky, David"]
[WhiteFideId "712779"]
[BlackFideId "2072904"]
[WhiteElo "2326"]
[BlackElo "2563"]
[Result "1-0"]
[Round "02"]
[TimeControl "180+1"]
[Date "2022.04.26"]
[WhiteClock "0:00:43"]
[BlackClock "0:00:10"]

1. d4 Nf6 2. Nf3 e6 3. g3 b6 4. Bg2 Bb7 5. O-O c5 6. c4 d5 7. cxd5 Bxd5 8. Nc3 Bb7 9. Bg5 Nbd7 10. Qa4 cxd4 11. Bxf6 Qxf6 12. Nxd4 Bxg2 13. Kxg2 Bc5 14. Rad1 O-O 15. Nxe6 Qxe6 16. Qxd7 Qg6 17. Rd2 h5 18. h4 Rfe8 19. e3 Rac8 20. Qb7 Qg4 21. Qf3 Qe6 22. Nd5 Qg6 23. Nf4 Qh6 24. Qxh5 Qc6+ 25. Qf3 Qa4 26. b3 Qb4 27. Rfd1 Qc3 28. Nd5 Qe5 29. Qf4 Qe6 30. h5 Red8 31. Nf6+ Qxf6 32. Rxd8+ Qxd8 33. Rxd8+ Rxd8 34. h6 gxh6 35. Qxh6 Rd6 36. Qg5+ Rg6 37. Qd8+ Kg7 38. Qc7 a5 39. a4 Bb4 40. Qe5+ Kg8 41. f4 Bc5 42. Kf3 Re6 43. Qg5+ Kf8 44. e4 Rd6 45. Qh5 Rd3+ 46. Kg4 Rxb3 47. Qh8+ Ke7 48. Qe5+ Kf8 49. Qd5 Rb4 50. e5 Rxa4 51. Qd8+ Kg7 52. Qf6+ Kg8 53. Qd8+ Kh7 54. e6 Re4 55. exf7 Kg7 56. Qg8+ Kh6 57. f8=Q+ Bxf8 58. Qxf8+ Kg6 59. Qf5+ Kg7 60. Qxe4 a4 61. Qxa4 b5 62. Qxb5 Kg6 63. Qc6+ Kg7 64. Kf5 Kf7 65. Qd7+ Kf8 66. Kf6 Kg8 67. Qg7# 1-0


[Site "https://www.chess.com"]

[Event "Titled Tuesday Blitz April 26 Late 2022"]
[White "Gnechko, Ruslan"]
[Black "Eggleston, Thomas A"]
[WhiteFideId "14135868"]
[BlackFideId "412139"]
[WhiteElo "2289"]
[BlackElo "2174"]
[Result "1-0"]
[Round "02"]
[TimeControl "180+1"]
[Date "2022.04.26"]
[WhiteClock "0:00:44"]
[BlackClock "0:00:13"]

1. d4 e6 2. c4 f5 3. Nc3 Nf6 4. Nf3 Bb4 5. Qc2 c5 6. dxc5 Na6 7. c6 bxc6 8. Bg5 O-O 9. e3 Qa5 10. Bxf6 Rxf6 11. Bd3 Nc5 12. O-O Bxc3 13. bxc3 d6 14. e4 Nxd3 15. Qxd3 Qc5 16. Rfe1 e5 17. Nd2 Be6 18. Rab1 f4 19. Rb7 Bf7 20. Reb1 Rf8 21. Rb8 Be8 22. Rd8 Qa5 23. Rbb8 Re6 24. Qh3 Re7 25. Qh4 Qc7 26. Nf3 h6 27. h3 Ref7 28. Rxe8 Qa5 29. Rxf8+ Rxf8 30. Rb7 Qa6 31. Qe7 1-0


[Site "https://www.chess.com"]

[Event "Titled Tuesday Blitz April 26 Late 2022"]
[White "Godzwon, Iwo"]
[Black "Swiercz, Dariusz"]
[WhiteFideId "21802483"]
[BlackFideId "1126881"]
[WhiteElo "2201"]
[BlackElo "2627"]
[Result "0-1"]
[Round "02"]
[TimeControl "180+1"]
[Date "2022.04.26"]
[WhiteClock "0:00:06"]
[BlackClock "0:00:05"]

1. e4 c5 2. Nf3 Nc6 3. d4 cxd4 4. Nxd4 e5 5. Nb5 d6 6. c4 g6 7. N1c3 a6 8. Na3 Be6 9. Bd3 Rc8 10. Nc2 Bg7 11. O-O Nf6 12. Bg5 O-O 13. Qd2 Qb6 14. b3 Nd7 15. Ne3 Qa5 16. Ned5 Bxd5 17. Nxd5 Qxd2 18. Bxd2 Nc5 19. Bc2 Rb8 20. Be3 Nd4 21. Bd1 Nxe4 22. Rc1 f5 23. Bxd4 exd4 24. Bc2 Rfe8 25. Rfe1 Nc3 26. Nxc3 dxc3 27. Kf1 Kf7 28. Rxe8 Rxe8 29. Re1 Be5 30. g3 Rc8 31. Ke2 Bd4 32. Kd3 Bxf2 33. Re2 Bc5 34. Kxc3 a5 35. Kd3 Kf6 36. Bd1 h5 37. Re1 Rh8 38. Bf3 b6 39. Re2 h4 40. g4 h3 41. gxf5 gxf5 42. Bd5 Kg5 43. Kd2 Rh4 44. Ke1 Rg4 45. Be6 Rg1+ 46. Kd2 Kf4 47. Kd3 Rd1+ 48. Kc2 Ra1 49. Kd3 Rd1+ 50. Kc2 Rf1 51. Kd3 Rf3+ 52. Kd2 Rf2 53. Ke1 Rxe2+ 54. Kxe2 Bg1 55. Bd5 Bxh2 56. Kf2 Bg3+ 57. Kf1 Bh4 58. Kg1 Kg3 59. Be6 f4 60. Bd5 f3 61. Kh1 Bf6 62. c5 bxc5 63. Bc4 Bd4 64. Bf1 h2 65. a3 Be5 66. a4 Kf2 67. Bd3 Ke1 68. b4 cxb4 69. Bf1 b3 70. Bd3 b2 71. Bb1 f2 72. Bd3 b1=Q 0-1


[Site "https://www.chess.com"]

[Event "Titled Tuesday Blitz April 26 Late 2022"]
[White "Gomez Dieguez, David"]
[Black "Przybylski, Wojciech"]
[WhiteFideId "22223630"]
[BlackFideId "1117599"]
[WhiteElo "2115"]
[BlackElo "2133"]
[Result "0-1"]
[Round "02"]
[TimeControl "180+1"]
[Date "2022.04.26"]
[WhiteClock "0:00:02"]
[BlackClock "0:00:03"]

1. c4 e5 2. Nc3 Nf6 3. Nf3 Nc6 4. e3 Be7 5. a3 O-O 6. Qc2 d6 7. b4 Bg4 8. b5 Nb8 9. Be2 Nbd7 10. h3 Bh5 11. Bb2 Bg6 12. d3 Nc5 13. e4 Ne6 14. Nd5 Nxd5 15. cxd5 Nc5 16. O-O f5 17. a4 a5 18. Nd2 Bg5 19. exf5 Bxf5 20. Ne4 Nxe4 21. dxe4 Bg6 22. Bg4 h5 23. Be6+ Kh7 24. Bc1 Bh4 25. g3 Be7 26. Be3 b6 27. Rac1 Ra7 28. Kg2 h4 29. g4 Bg5 30. Bxg5 Qxg5 31. Bf5 Rf7 32. f3 Ra8 33. Qf2 Raf8 34. Rc2 Re7 35. Qd2 Qxd2+ 36. Rxd2 Bxf5 37. gxf5 g6 38. fxg6+ Kxg6 39. Kf2 Rg8 40. Ke3 Kf6 41. Rff2 Rg3 42. Rh2 Kg5 43. Rdg2 Rf7 44. Rc2 Rfxf3+ 45. Ke2 Re3+ 46. Kf2 Ref3+ 47. Ke2 Rc3 48. Rxc3 Rxc3 49. Kd2 Ra3 50. Rg2+ Kf4 51. Rg4+ Kf3 52. Rxh4 Rxa4 53. Kd3 Ra3+ 54. Kd2 Ra2+ 55. Kd3 Ra3+ 56. Kd2 a4 57. Rh7 Ra2+ 58. Kd3 Ra3+ 59. Kd2 Kxe4 60. Rxc7 Kxd5 61. Rc6 Rxh3 62. Rxb6 a3 63. Ra6 a2 64. b6 Rh1 65. b7 Rb1 66. Rxa2 Rxb7 67. Kd3 Ke6 68. Ra6 Rb3+ 69. Kc4 Rh3 70. Kb4 Rh4+ 71. Kb5 Kd5 0-1


[Site "https://www.chess.com"]

[Event "Titled Tuesday Blitz April 26 Late 2022"]
[White "Grischuk, Alexander"]
[Black "Szpar, Milosz"]
[WhiteFideId "4126025"]
[BlackFideId "1184989"]
[WhiteElo "2762"]
[BlackElo "2447"]
[Result "1-0"]
[Round "02"]
[TimeControl "180+1"]
[Date "2022.04.26"]
[WhiteClock "0:00:21"]
[BlackClock "0:00:01"]

1. d4 Nf6 2. Nf3 e6 3. Bf4 d5 4. Nbd2 Bd6 5. Bg5 Be7 6. e3 O-O 7. Bd3 c5 8. c3 Nc6 9. Ne5 Nd7 10. Bf4 cxd4 11. exd4 Ncxe5 12. dxe5 Nc5 13. Bb1 b6 14. Nf3 Ba6 15. Nd4 Rc8 16. Bc2 Qd7 17. Qf3 f6 18. Qh3 f5 19. Qe3 Ne4 20. h4 Kh8 21. f3 Nc5 22. Kf2 Rf7 23. Rad1 Rcf8 24. Rd2 Bb7 25. Rh3 a5 26. Kg1 b5 27. a3 Na4 28. b3 Nc5 29. b4 axb4 30. cxb4 Na4 31. Bd3 Ba6 32. Rc2 Nb6 33. Rc6 Bd8 34. Rd6 Qc8 35. Rc6 Qd7 36. Qc1 Nc4 37. Rxa6 h6 38. Nxe6 Re8 39. Nc5 1-0


[Site "https://www.chess.com"]

[Event "Titled Tuesday Blitz April 26 Late 2022"]
[White "Gutierrez Olivares, Daniel"]
[Black "Dahlgren, James Allen"]
[WhiteFideId "2264005"]
[BlackFideId "22256873"]
[WhiteElo "2317"]
[BlackElo "2095"]
[Result "1-0"]
[Round "02"]
[TimeControl "180+1"]
[Date "2022.04.26"]
[WhiteClock "0:00:24"]
[BlackClock "0:00:05"]

1. Nf3 e6 2. g3 c5 3. c4 d5 4. Bg2 Nf6 5. O-O Nc6 6. Nc3 Be7 7. b3 O-O 8. Bb2 h6 9. e3 b6 10. Qe2 Bb7 11. Rfd1 Qc7 12. Rac1 Rad8 13. cxd5 exd5 14. d4 Rfe8 15. dxc5 bxc5 16. Na4 Qa5 17. Bxf6 Ba6 18. Qc2 Nb4 19. Qb1 gxf6 20. a3 Nc6 21. Nh4 Ne5 22. Nf5 Bf8 23. Rxd5 Rxd5 24. Bxd5 c4 25. Nc3 Bxa3 26. bxc4 Bxc1 27. Qxc1 Bxc4 28. Nxh6+ Kf8 29. e4 Bxd5 30. Nf5 Nf3+ 31. Kg2 Ng5 32. Nxd5 Rxe4 33. Qc8+ Re8 34. Qc6 Qe1 35. Qd6+ Kg8 36. Nxf6+ Kh8 37. Qf4 Nh7 38. Qh6 Qe4+ 39. Nxe4 Rxe4 40. Qg7# 1-0


[Site "https://www.chess.com"]

[Event "Titled Tuesday Blitz April 26 Late 2022"]
[White "Guz, Ari"]
[Black "Aigner, Michael"]
[WhiteFideId "2825759"]
[BlackFideId "2017288"]
[WhiteElo "1913"]
[BlackElo "2392"]
[Result "0-1"]
[Round "02"]
[TimeControl "180+1"]
[Date "2022.04.26"]
[WhiteClock "0:00:16"]
[BlackClock "0:00:28"]

1. Nf3 d5 2. b3 c6 3. Bb2 Bg4 4. Ne5 Bh5 5. c4 e6 6. d4 Nd7 7. Nxd7 Qxd7 8. Qd2 Nf6 9. f3 Bg6 10. Nc3 Be7 11. e3 O-O 12. Be2 Rfe8 13. O-O b6 14. Rad1 Rac8 15. Rfe1 Bd8 16. Kh1 Bc7 17. Bd3 Qd6 18. g3 Bxd3 19. Qxd3 Bb8 20. e4 dxe4 21. Nxe4 Nxe4 22. Rxe4 Rcd8 23. Qe2 Qd7 24. Kg2 c5 25. Re1 cxd4 26. Rxd4 Qc7 27. Red1 Rxd4 28. Rxd4 Rd8 29. Qd2 Rxd4 30. Qxd4 f6 31. Qe4 Qd7 32. Bc3 Bd6 33. h4 f5 34. Qd4 Qe7 35. Kh3 Bc5 36. Qd3 Qd6 37. Qe2 Kf7 38. Ba1 Bd4 39. Qd3 Be5 40. Qxd6 Bxd6 41. g4 g6 42. h5 e5 43. hxg6+ hxg6 44. Kg2 Ke6 45. Kf2 Bc5+ 46. Ke2 a6 47. Bc3 b5 48. b4 Ba7 49. c5 Kd5 50. gxf5 gxf5 51. Kd3 Bb8 52. Bd2 Bc7 53. Kc3 e4 54. f4 Bd8 55. Be3 Bf6+ 56. Kb3 Bd8 57. a4 Bc7 58. axb5 axb5 59. Kc3 Bd8 60. Kb3 Bh4 61. Kc3 Be1+ 62. Kb3 Kc6 63. Bd4 Bd2 64. Be5 Kd5 65. Ka3 e3 66. c6 Kxc6 0-1


[Site "https://www.chess.com"]

[Event "Titled Tuesday Blitz April 26 Late 2022"]
[White "Hirneise, Jens"]
[Black "Kujawski, Adam"]
[WhiteFideId "24614734"]
[BlackFideId "1100920"]
[WhiteElo "2359"]
[BlackElo "2053"]
[Result "1/2-1/2"]
[Round "02"]
[TimeControl "180+1"]
[Date "2022.04.26"]
[WhiteClock "0:00:04"]
[BlackClock "0:00:05"]

1. d4 Nf6 2. Bg5 Ne4 3. Bc1 d5 4. e3 e6 5. Nd2 Nxd2 6. Bxd2 c5 7. c3 Nc6 8. Nf3 Bd6 9. Bd3 O-O 10. O-O b6 11. dxc5 Bxc5 12. Qe2 f5 13. Bb5 Bd7 14. Bxc6 Bxc6 15. Ne5 Qc7 16. Nxc6 Qxc6 17. a4 Rac8 18. Qb5 Be7 19. Qxc6 Rxc6 20. Rfb1 Bf6 21. Kf1 Rfc8 22. Ke2 a6 23. Ra3 Kf7 24. Rb3 h5 25. g3 Bd8 26. h4 Rc4 27. Ra1 R8c6 28. Kd3 g5 29. hxg5 Bxg5 30. a5 b5 31. Rba3 h4 32. gxh4 Rxh4 33. Rg1 Be7 34. Raa1 Rc8 35. Rh1 Rch8 36. Rxh4 Rxh4 37. b3 e5 38. Rc1 Ke6 39. c4 dxc4+ 40. bxc4 Rxc4 41. Rxc4 bxc4+ 42. Kxc4 e4 43. Bc3 Ba3 44. Be1 Kd6 45. Bc3 Kc6 46. Be1 Be7 47. Bc3 Bh4 48. Be1 Kd6 49. Kd4 Bd8 50. Bb4+ Ke6 51. Be1 Kd6 52. Bb4+ Ke6 53. Kc4 f4 54. exf4 Kf5 55. Kd5 Kxf4 56. Kc6 Kf3 57. Be1 Bh4 58. Kb7 Bxf2 59. Bc3 Bh4 60. Kxa6 Bd8 61. Kb5 Bxa5 62. Kxa5 e3 63. Kb4 e2 64. Kb3 e1=Q 65. Bxe1 1/2-1/2


[Site "https://www.chess.com"]

[Event "Titled Tuesday Blitz April 26 Late 2022"]
[White "Hoffmann, Asa"]
[Black "Lehtosaari, Mauri"]
[WhiteFideId "2001470"]
[BlackFideId "501999"]
[WhiteElo "2117"]
[BlackElo "2531"]
[Result "1/2-1/2"]
[Round "02"]
[TimeControl "180+1"]
[Date "2022.04.26"]
[WhiteClock "0:00:18"]
[BlackClock "0:00:11"]

1. d4 d5 2. Bg5 h6 3. Bh4 c6 4. e3 Qb6 5. b3 Bf5 6. Bd3 Qa5+ 7. c3 Bxd3 8. Qxd3 Nd7 9. Nf3 Ngf6 10. Nbd2 e6 11. O-O Bd6 12. b4 Qb5 13. Qc2 O-O 14. a4 Qb6 15. a5 Qc7 16. e4 dxe4 17. Nxe4 Nxe4 18. Qxe4 Rae8 19. Rfe1 f5 20. Qc2 e5 21. dxe5 Nxe5 22. Nd4 Qf7 23. f3 a6 24. Rad1 Bb8 25. Bg3 f4 26. Bf2 Nc4 27. Qb3 Rxe1+ 28. Rxe1 Qd5 29. Re4 Ba7 30. Qd1 c5 31. bxc5 Bxc5 32. Qe2 Nxa5 33. Ne6 Bxf2+ 34. Kxf2 Re8 35. Nxf4 Qc5+ 36. Kf1 Rxe4 37. Qxe4 Qc4+ 38. Qxc4+ Nxc4 39. Ke2 Kf7 40. Kd3 Nd6 41. Kd4 Kf6 42. Kd5 Nf5 43. g4 Nh4 44. Ke4 Ke7 45. c4 Kd6 46. Nd3 b5 47. cxb5 axb5 48. f4 Ng6 49. f5 Ne7 50. h4 Nc8 51. g5 hxg5 52. hxg5 Ne7 53. Nb4 Ng8 54. Kd4 Ne7 55. Ke4 Ng8 56. Nd5 Ne7 57. Nxe7 Kxe7 58. Kd5 Kd7 59. Kc5 b4 60. Kxb4 Kd6 61. Kc4 Ke5 62. f6 gxf6 63. gxf6 Kxf6 1/2-1/2


[Site "https://www.chess.com"]

[Event "Titled Tuesday Blitz April 26 Late 2022"]
[White "Horcajuelo Rocamora, Martin"]
[Black "Alinasab, Mobina"]
[WhiteFideId "24573027"]
[BlackFideId "12528897"]
[WhiteElo "1822"]
[BlackElo "2031"]
[Result "0-1"]
[Round "02"]
[TimeControl "180+1"]
[Date "2022.04.26"]
[WhiteClock "0:00:13"]
[BlackClock "0:00:11"]

1. e4 c5 2. Nf3 d6 3. d4 cxd4 4. Nxd4 Nf6 5. Nc3 a6 6. Bg5 Nbd7 7. f4 Qc7 8. Qf3 b5 9. O-O-O Bb7 10. Bd3 g6 11. Rhe1 Bg7 12. g4 O-O 13. Qg3 b4 14. Na4 Nc5 15. Bxf6 Bxf6 16. Nxc5 dxc5 17. Nf3 Qa5 18. Bc4 Bc3 19. Nd2 Rfd8 20. Nb1 Bd4 21. Qb3 Rf8 22. Nd2 Bc6 23. Nf3 Ba4 24. Qd3 Rad8 25. Qe2 Bb5 26. Bxb5 axb5 27. Nxd4 cxd4 28. Rd3 Qxa2 29. Red1 Rc8 30. Rb3 Qxb3 0-1


[Site "https://www.chess.com"]

[Event "Titled Tuesday Blitz April 26 Late 2022"]
[White "Ivanisevic, Ivan"]
[Black "Fedoseev, Vladimir"]
[WhiteFideId "912417"]
[BlackFideId "24130737"]
[WhiteElo "2495"]
[BlackElo "2726"]
[Result "0-1"]
[Round "02"]
[TimeControl "180+1"]
[Date "2022.04.26"]
[WhiteClock "0:00:05"]
[BlackClock "0:00:18"]

1. d4 Nf6 2. c4 g6 3. Nc3 d5 4. h4 c6 5. cxd5 cxd5 6. Bf4 Nc6 7. e3 Bg7 8. h5 Nxh5 9. Rxh5 gxh5 10. Qxh5 e5 11. dxe5 Be6 12. Nf3 Qb6 13. O-O-O O-O-O 14. Bb5 Ne7 15. Nd4 Ng6 16. Bg3 Bf8 17. f4 Bb4 18. Na4 Qa5 19. f5 a6 20. fxe6 axb5 21. exf7 bxa4 22. Qf5+ Kb8 23. Kb1 Ka8 24. e6 a3 25. Qd3 Rc8 26. Nb5 axb2 27. Kxb2 Be7 28. Kb1 Rc4 29. Nc7+ Rxc7 30. Bxc7 Qxc7 31. Qxd5 Rd8 32. Qb3 Rxd1+ 33. Qxd1 Qb6+ 0-1


[Site "https://www.chess.com"]

[Event "Titled Tuesday Blitz April 26 Late 2022"]
[White "Jacobson, Aaron"]
[Black "Rosenberg, Evan S"]
[WhiteFideId "2089912"]
[BlackFideId "2019299"]
[WhiteElo "2265"]
[BlackElo "2334"]
[Result "1-0"]
[Round "02"]
[TimeControl "180+1"]
[Date "2022.04.26"]
[WhiteClock "0:01:45"]
[BlackClock "0:00:03"]

1. e4 e5 2. f4 d5 3. exd5 exf4 4. Nf3 Nf6 5. c4 c6 6. dxc6 Nxc6 7. d4 Bg4 8. d5 Bb4+ 9. Nc3 Bxc3+ 10. bxc3 Ne5 11. Be2 Nxf3+ 12. Bxf3 Qe7+ 13. Qe2 Bxf3 14. gxf3 Qxe2+ 15. Kxe2 Nh5 16. Rb1 O-O-O 17. Kd3 Rhe8 18. Bd2 g5 19. h4 Ng3 20. hxg5 Nxh1 21. Rxh1 b5 22. Bxf4 bxc4+ 23. Kxc4 Kd7 24. Rxh7 Rc8+ 25. Kd4 Ke7 26. g6 Rf8 27. Bh6 Rh8 28. Rxf7+ Ke8 29. Bg5 Rh5 30. f4 Rh2 31. d6 Rd2+ 32. Ke5 Rc5+ 33. Ke6 Re2+ 34. Kf6 1-0


[Site "https://www.chess.com"]

[Event "Titled Tuesday Blitz April 26 Late 2022"]
[White "Janaszak, Dawid"]
[Black "Demchenko, Anton"]
[WhiteFideId "1119206"]
[BlackFideId "4160258"]
[WhiteElo "2199"]
[BlackElo "2539"]
[Result "0-1"]
[Round "02"]
[TimeControl "180+1"]
[Date "2022.04.26"]
[WhiteClock "0:00:04"]
[BlackClock "0:00:42"]

1. e4 e5 2. Nf3 Nc6 3. d4 exd4 4. Nxd4 Bc5 5. Nb3 Bb6 6. Nc3 d6 7. Qe2 a5 8. a4 Nb4 9. Nd5 Nxd5 10. exd5+ Ne7 11. Be3 O-O 12. Bxb6 cxb6 13. O-O-O Bd7 14. Rd4 b5 15. axb5 a4 16. Nd2 a3 17. bxa3 Rxa3 18. Nb1 Ra1 19. Qh5 Nf5 20. Rb4 Qa5 21. c3 Rc8 22. Bc4 Nd4 23. Re1 g6 24. Qh4 Qxb4 25. cxb4 Rxc4+ 26. Kb2 Rc2+ 27. Kxa1 Nb3# 0-1


[Site "https://www.chess.com"]

[Event "Titled Tuesday Blitz April 26 Late 2022"]
[White "Janik, Igor"]
[Black "Urbina Perez, Juan Antonio"]
[WhiteFideId "1159259"]
[BlackFideId "2217368"]
[WhiteElo "2437"]
[BlackElo "2192"]
[Result "1-0"]
[Round "02"]
[TimeControl "180+1"]
[Date "2022.04.26"]
[WhiteClock "0:00:16"]
[BlackClock "0:00:38"]

1. Nf3 d5 2. b3 Nf6 3. Bb2 Bf5 4. c4 e6 5. e3 c6 6. Be2 h6 7. O-O Nbd7 8. d3 Bd6 9. Qc2 Qe7 10. Nbd2 Ba3 11. Rad1 Bxb2 12. Qxb2 O-O 13. b4 a6 14. a3 e5 15. cxd5 cxd5 16. Nb3 Rfc8 17. Rc1 b5 18. d4 e4 19. Nfd2 Nb6 20. Rxc8+ Rxc8 21. Nc5 Ra8 22. Ra1 Nfd7 23. Ndb3 Nxc5 24. Nxc5 Nd7 25. a4 Nxc5 26. dxc5 Rb8 27. axb5 axb5 28. h3 Bd7 29. Ra7 Qe8 30. Qd4 Bc6 31. Ra6 Ra8 32. Qa1 Rxa6 33. Qxa6 Qd7 34. Qa1 f6 35. Bg4 Qb7 36. Be6+ Kf8 37. Qa5 Ke7 38. Bf5 Bd7 39. Bxd7 Kxd7 40. g4 g5 41. Qa1 Ke6 42. Kg2 Ke7 43. h4 Ke6 44. hxg5 hxg5 45. Qh1 Qg7 46. Qh2 Qd7 47. Qh8 Ke5 48. Kg3 Ke6 49. Qg8+ Ke5 50. Qb8+ Ke6 51. Qb6+ Ke5 52. Kh3 f5 53. Qb8+ Ke6 54. Qg8+ Ke5 55. Qh8+ Ke6 56. Qh6+ Kf7 57. Qh7+ Ke6 58. gxf5+ Ke5 59. Qxd7 g4+ 60. Kxg4 d4 61. Qxd4# 1-0


[Site "https://www.chess.com"]

[Event "Titled Tuesday Blitz April 26 Late 2022"]
[White "Jegorovas, Aleksandras"]
[Black "Jarocka, Liwia"]
[WhiteFideId "12801950"]
[BlackFideId "21807558"]
[WhiteElo "2247"]
[BlackElo "1896"]
[Result "0-1"]
[Round "02"]
[TimeControl "180+1"]
[Date "2022.04.26"]
[WhiteClock "0:00:40"]
[BlackClock "0:01:26"]

1. Nf3 c5 2. c4 Nc6 3. Nc3 Nf6 4. e3 e6 5. d4 d5 6. a3 cxd4 7. exd4 Be7 8. Bd3 O-O 9. O-O dxc4 10. Bxc4 b6 11. Re1 Bb7 12. Bg5 Rc8 13. Ba2 h6 14. Bh4 Nd5 15. Bxe7 Ncxe7 16. Ne5 Nxc3 17. bxc3 Rxc3 18. Qd2 Rc7 19. Nxf7 Rxf7 20. Bxe6 Bd5 21. Bxf7+ Bxf7 22. Qf4 Rd7 23. Rad1 Nd5 24. Qe5 Re7 25. Qg3 Nf6 26. f3 Rxe1+ 27. Qxe1 Qd6 28. Qb4 Qxb4 29. axb4 Nd5 30. Ra1 Nxb4 31. Rxa7 b5 32. Rb7 Bc4 33. g4 Nd5 34. Kf2 b4 35. Kg3 b3 36. f4 Nc3 37. f5 Nb5 38. Re7 b2 39. Re1 Nc3 40. h4 b1=Q 41. Rxb1 Nxb1 42. h5 Kf7 43. Kf4 Kf6 0-1


[Site "https://www.chess.com"]

[Event "Titled Tuesday Blitz April 26 Late 2022"]
[White "Kaganskiy, Gleb"]
[Black "Ohanyan, Emin"]
[WhiteFideId "4132025"]
[BlackFideId "13312022"]
[WhiteElo "2165"]
[BlackElo "1927"]
[Result "0-1"]
[Round "02"]
[TimeControl "180+1"]
[Date "2022.04.26"]
[WhiteClock "0:00:05"]
[BlackClock "0:00:13"]

1. e4 e5 2. Nf3 Nc6 3. Nc3 Nf6 4. d4 exd4 5. Nxd4 Bb4 6. Nxc6 bxc6 7. Bd3 d5 8. exd5 O-O 9. O-O cxd5 10. Bg5 c6 11. Qf3 h6 12. Bxf6 Qxf6 13. Qxf6 gxf6 14. Nd1 Re8 15. Ne3 Rb8 16. Nf5 Bf8 17. b3 c5 18. Rfe1 Rxe1+ 19. Rxe1 c4 20. bxc4 dxc4 21. Be4 Rb2 22. a4 Ra2 23. g4 Rxa4 24. Bc6 Ra5 25. Nxh6+ Kg7 26. Nf5+ Bxf5 27. gxf5 Rxf5 28. Re4 Rc5 29. Ba4 f5 30. Re8 Ra5 31. Bc6 Ra2 32. c3 Bc5 33. Bd5 Rxf2 34. Kh1 f4 35. Bxc4 f3 36. Rc8 Rc2 37. h4 Rc1+ 38. Kh2 Bd6+ 39. Kh3 Rh1+ 40. Kg4 f2 41. Rc6 Be5 42. Rc5 f6 0-1


[Site "https://www.chess.com"]